Map: Neon Violet Square LE

Players

fruitcake - Winner!

  • Race: Terran Terran
  • Spawn Location: 5:00

GENRYU

  • Race: Terran Terran
  • League: Gold
  • Spawn Location: 11:00

VOD

Have the link to the VOD?

Description

Time

  • Played on: May 12, 2018, 11:59 a.m.
  • Length: 12:56
Show
View Real Time Build Order
Export as new Build Order

fruitcake Terran - Winner!

Build Orders:  

Get SALT Encoding   

  12  0:01  SCV  
  13  0:14  Supply Depot  
  13  0:18  SCV  
  14  0:30  SCV  
  15  0:37  Barracks  
  15  0:42  SCV  
  16  0:53  Refinery  
  16  0:54  SCV  
  17  1:23  Command Center  
  17  1:31  SCV  
  18  1:44  Marine  
  18  1:45  Barracks  
  19  1:58  Supply Depot  
  19  2:02  Marine  
  20  2:19  Marine  
  20  2:20  SCV  
  22  2:32  SCV  
  22  2:33  Factory  
  23  2:37  Marine  
  24  2:46  Barracks Tech Lab, Refinery  
  24  2:47  SCV  
  24  2:50  SCV  
  26  2:59  SCV  
  26  3:00  Barracks Tech Lab  
  27  3:12  Supply Depot  
  27  3:14  Marine  
  27  3:15  Engineering Bay  
  27  3:16  SCV  
  29  3:33  Starport  
  29  3:45  SCV  
  29  3:48  SCV  
  31  3:51  Refinery  
  31  3:55  Refinery  
  31  3:57  SCV  
  31  4:00  SCV, Barracks Reactor  
  31  4:01  Marine  
  34  4:07  Stimpack  
  34  4:09  SCV  
  35  4:12  SCV  
  36  4:18  Missile Turret  
  36  4:21  SCV  
  37  4:29  Missile Turret  
  37  4:31  SCV  
  38  4:36  Siege Tank  
  41  4:41  Marine x2  
  41  4:43  SCV  
  44  4:48  Starport Tech Lab  
  44  4:52  Marine  
  45  4:55  SCV  
  46  5:04  Orbital Command  
  46  5:10  Siege Tank, Marauder  
  51  5:16  Banshee  
  54  5:22  Cloaking Field  
  54  5:31  Factory  
  54  5:51  Supply Depot  
  54  5:55  Missile Turret  
  54  6:12  Marine x2, SCV x2, Siege Tank  
  61  6:22  Marine  
  62  7:23  Marine  
  62  7:25  Marine  
  62  8:24  Marine, SCV  
  61  8:27  Marauder  
  61  8:29  Widow Mine  
  61  8:30  Banshee  
  62  8:52  Marine x2, SCV  
  62  9:00  Marauder  
  62  9:01  Supply Depot  
  61  9:03  Supply Depot  
  61  9:04  Supply Depot x2  
  61  9:05  Supply Depot x2  
  61  9:10  Marine  
  61  9:16  Command Center  
  62  9:20  Command Center  
  62  9:23  Marine, Widow Mine x2, Marauder  
  69  9:24  Banshee  
  69  9:28  Marine  
  70  9:41  Marine  
  70  9:45  Marauder  
  73  9:46  Marine  
  74  9:58  Marine  
  75  10:03  Marine  
  75  10:06  Marauder  
  75  10:16  Marine  
  74  10:21  Marine  
  74  10:28  Marauder  
  76  10:31  Cyclone x2  
  76  10:34  Marine  
  83  10:39  Marine  
  83  10:41  SCV  
  85  10:44  SCV x2  
  85  10:48  Marine  
  88  10:50  SCV  
  88  10:52  Marine  
  88  10:53  SCV  
  88  10:56  SCV, Refinery  
  88  10:57  SCV, Marine  
  93  10:58  Refinery  
  93  10:59  Viking  
  93  11:02  SCV  
  97  11:06  SCV  
  97  11:07  Marauder  
  97  11:09  SCV  
  97  11:10  Marine  
  103  11:15  Marine, Orbital Command  
  103  11:18  SCV, Orbital Command  
  104  11:21  SCV  
  105  11:27  Marine  
  105  11:28  Marauder  
  105  11:29  Viking  
  110  11:32  Marine  
  111  11:45  Marine  
  112  11:49  Marine  
  112  11:50  Marine  
  112  11:52  SCV  
  112  11:53  SCV x3  
  118  11:59  Viking  
  120  12:03  Marine  
  120  12:04  SCV  
  120  12:05  SCV x3  
  120  12:07  Refinery, Marauder  
  120  12:08  Marine, Cyclone  
  127  12:15  Supply Depot  
  131  12:16  SCV  
  131  12:17  SCV  
  131  12:21  Marine  
  134  12:26  Marine  
  134  12:29  SCV, Marauder  
  140  12:33  Starport  
  140  12:34  Refinery  
  140  12:37  SCV  
Show
View Real Time Build Order
Export as new Build Order

GENRYU Terran 

Build Orders: Reaper Expand 

Get SALT Encoding   

  12  0:05  SCV  
  13  0:22  Supply Depot  
  13  0:26  SCV  
  14  0:46  Barracks  
  14  0:50  Refinery  
  14  0:51  SCV  
  15  1:04  Supply Depot  
  15  1:07  SCV  
  16  1:33  Orbital Command  
  16  1:43  Reaper  
  17  1:50  Refinery  
  17  2:10  Command Center  
  17  2:30  Barracks Reactor  
  17  2:38  Factory  
  17  2:41  SCV  
  17  2:59  SCV  
  18  3:11  Marine x2  
  20  3:14  SCV  
  21  3:22  Orbital Command  
  21  3:37  Supply Depot  
  21  3:45  Barracks Reactor  
  21  3:48  SCV  
  21  3:49  SCV  
  23  4:01  SCV  
  24  4:11  SCV  
  24  4:13  SCV  
  24  4:15  Cyclone x2  
  32  4:21  Starport  
  32  4:23  SCV  
  33  4:24  Marine x2  
  33  4:28  SCV  
  36  4:35  SCV  
  37  4:40  SCV  
  38  4:48  Marine  
  38  4:49  Marine  
  38  4:51  Cyclone x2  
  46  4:55  SCV  
  46  4:56  SCV  
  48  5:01  Starport Reactor  
  48  5:13  SCV x2  
  50  5:19  Refinery  
  50  5:21  Refinery  
  50  5:25  SCV x2, Marine  
  53  5:37  SCV  
  54  5:58  Supply Depot  
  54  6:02  Supply Depot  
  54  6:09  Supply Depot  
  54  6:14  Supply Depot  
  54  6:19  SCV x2, Medivac x2  
  60  6:31  SCV x2  
  62  6:43  SCV  
  62  6:45  Command Center  
  57  7:09  Engineering Bay  
  54  7:24  Viking x2  
  52  7:43  Liberator x2, Missile Turret  
  52  7:48  Cyclone x2  
  12  8:31  Marine  
  10  9:16  Liberator  
  12  9:41  SCV  
  13  9:53  SCV  
  13  10:15  Engineering Bay  
  13  10:36  Viking  
  13  10:39  SCV  
  15  11:55  SCV  
  16  12:03  Missile Turret  
  16  12:07  SCV  
  17  12:11  Missile Turret  
  17  12:19  SCV  
  18  12:31  SCV  
  19  12:43  SCV  
  20  12:49  Missile Turret  
Tags
 
Add a new tag
Caveats
  • Supply blocks, unpowered buildings, or Contaminate may cause inaccurate times.
  • Supply counts are checked every 10 seconds.